AoeStats
← TheGl0ryH0leFinder

Arena

509944984Analyzed
2v2 RM · 5d ago on Sep 28, 2026· 48m 39s· 4 players
Game mode
Random Map
Map size
Medium (4 player)
Population
200
Speed
Normal
Resources
Standard
Victory
Conquest
Starting age
Dark Age
Ending age
Imperial Age
RankedLock teamsTeams togetherTeam positionsShared explorationLock speedFull tech treeHidden civsTurbo modeCheats
Victory
Defeat
🇩🇪 Persians · Germany
1173
+16
🇩🇪 Turks · Germany
1170
+16
🇬🇧 Celts · United Kingdom
1162
-16
🇬🇧 Danes · United Kingdom
1162
-16
TheGl0ryH0leFinder
11:35 Feudal Age
15:11 Castle Age
12:59 Double-Bit Axe
13:47 Loom
14:19 Horse Collar
16:19 Bow Saw
18:08 Arson
18:09 Gambesons
21:21 Forging
25:30 Wheelbarrow
28:29 Imperial Age
26:23 Gold Mining
26:23 Stone Mining
26:54 Fletching
27:05 Padded Archer Armor
29:03 Hand Cart
29:18 Elite Skirmisher
29:57 Bodkin Arrow
30:18 Leather Archer Armor
31:40 Thumb Ring
31:36 Bracer
32:07 Ring Archer Armor
36:36 Iron Casting
36:03 Scale Mail Armor
36:14 Elite Varangian Guard
37:45 Squires
40:27 Chemistry
39:47 Ballistics
43:22 Scale Mail Armor
Faust
11:24 Feudal Age
15:28 Castle Age
13:17 Loom
13:29 Double-Bit Axe
13:33 Horse Collar
16:07 Wheelbarrow
18:34 Gold Mining
23:52 Bow Saw
23:45 Heavy Plow
24:58 Fletching
27:19 Coinage
30:37 Imperial Age
28:10 Padded Archer Armor
28:20 Bodkin Arrow
28:57 Loom
30:06 Stone Mining
32:49 Heavy Scorpion
36:28 Chemistry
35:49 Ballistics
36:20 Masonry
36:21 Fortified Wall
36:09 Pikeman
40:39 Murder Holes
41:08 Elite Woad Raider
42:36 Forging
42:27 Scale Mail Armor
42:54 Conscription
44:04 Iron Casting
43:48 Man-at-Arms
44:14 Arson
Falke
10:53 Feudal Age
12:09 Double-Bit Axe
15:16 Castle Age
13:34 Horse Collar
17:01 Bow Saw
23:08 Heavy Plow
24:11 Gold Mining
25:15 Wheelbarrow
26:38 Hand Cart
29:20 Imperial Age
26:38 Loom
26:49 Stone Mining
30:46 Crop Rotation
31:19 Two-Man Saw
30:57 Stone Shaft Mining
30:57 Gold Shaft Mining
30:57 Kamandaran
31:28 Fletching
31:39 Padded Archer Armor
31:35 Crossbowman
32:21 Thumb Ring
32:30 Forging
32:41 Bloodlines
33:34 Ballistics
34:15 Chemistry
35:12 Bodkin Arrow
35:52 Iron Casting
35:34 Leather Archer Armor
35:19 Scale Mail Armor
35:24 Scale Barding Armor
35:22 Cavalier
38:57 Blast Furnace
38:16 Citadels
38:19 Savar
46:41 Chain Barding Armor
46:36 Chain Mail Armor
46:52 Ring Archer Armor
47:21 Murder Holes
47:17 Guard Tower
[B$] kaeffer
2:38 Loom
11:05 Feudal Age
15:23 Castle Age
14:20 Double-Bit Axe
27:08 Imperial Age
25:20 Horse Collar
25:53 Bow Saw
26:19 Gold Mining
26:31 Heavy Plow
33:44 Wheelbarrow
41:13 Padded Archer Armor
41:04 Fletching
44:14 Elite Janissary
48:14 Bodkin Arrow
48:35 Leather Archer Armor
Connection lost

Rejoining the realm…

Still unreachable

The connection could not be restored.

Session expired

The server has moved on; the page needs a fresh start.